 Dungeon Crawl Stone Soup version 0.30-a0-219-gf2db51d15e (webtiles) character file.

Game seed: 13954538635120636026

37 tilp the Magician (level 3, -4/29 HPs)
             Began as an Armataur Hedge Wizard on Oct 6, 2022.
             Killed by nerve-wracking pain
             ... invoked by Jessica
              (12 damage)
             ... on level 2 of the Dungeon.
             The game lasted 00:02:25 (1413 turns).

tilp the Magician (Armataur Hedge Wizard)           Turns: 1413, Time: 00:02:25

Health: -4/29      AC:  5    Str: 15    XL:     3   Next: 23%
Magic:  6/7        EV: 13    Int: 16    God:
Gold:   66         SH:  3    Dex:  9    Spells: 5/7 levels left

rFire   . . .      SeeInvis .    a - +0 dagger
rCold   . . .      Faith    .    e - +0 buckler
rNeg    . . .      Spirit   .    b - +0 robe
rPois   .          Reflect  .    g - +0 helmet
rElec   .          Harm     .    (no cloak)
rCorr   .          Roll     +    (no gloves)
Will    .....                    (no barding)
Stlth   ++........               (no amulet)
HPRegen 0.24/turn                f - +4 ring of evasion
MPRegen 0.10/turn                (no ring)

@: no status effects
A: large, rugged brown scales 3, deformed body, armoured tail, roll, long
tongue, awkward tongue
a: no special abilities


You were on level 2 of the Dungeon.
You visited 1 branch of the dungeon, and saw 2 of its levels.

You collected 66 gold pieces.

Inventory:

Hand Weapons
 a - a +0 dagger (weapon)
Armour
 b - a +0 robe (worn)
 e - a +0 buckler (worn)
 g - a +0 helmet (worn)
Jewellery
 f - a +4 ring of evasion (left hand)
Scrolls
 h - 2 scrolls of torment
Potions
 d - a potion of magic
 i - a potion of cancellation
 j - a potion of degeneration {unknown}


   Skills:
 * Level 1.3 Fighting
 + Level 1.7 Dodging
 + Level 2.5 Stealth
 + Level 0.9 Shields
 + Level 2.8 Spellcasting
 - Level 1.0 Conjurations
 - Level 1.0 Summonings
 - Level 1.0 Translocations


You had 5 spell levels left.
You knew the following spells:

 Your Spells              Type           Power      Damage    Failure   Level
a - Magic Dart            Conj           20%        1d4       16%         1
b - Slow                  Hex            8%         N/A       24%         1

Your spell library contained the following spells:

 Spells                   Type           Power      Damage    Failure   Level
 Blink                    Tloc           10%        N/A       24%         2
 Call Imp                 Summ           5%         N/A       24%         2
 Cigotuvi's Dreadful Rot  Necr/Pois/Air  4%         N/A       36%         2
 Mephitic Cloud           Conj/Pois/Air  3%         N/A       54%         3


Dungeon Overview and Level Annotations

Branches:
Dungeon (2/15)

Altars:

Annotations:
D:2 Jessica


Innate Abilities, Weirdness & Mutations

You are completely covered in rugged brown scales. (AC +3, +7% HP)
Armour fits poorly on your strangely shaped body.
You have a long armoured tail.
You roll when moving toward enemies. (Rampage)
Your long tongue fully drains potion bottles. (2x potion effects)
Your tongue gives you trouble enunciating. (1.5x scroll delay)


Message History

The ball python bites you but does no damage.
You hit the ball python.
You kill the ball python!
Jessica casts a spell.
Jessica blinks!
You hit the kobold but do no damage. The kobold hits you but does no damage.
You hit the kobold.
You kill the kobold!
Items here: ) †††.
You barely miss Jessica. Jessica hits you but does no damage.
You barely miss Jessica. You tail-slap Jessica.
Jessica is moderately wounded.
Jessica hits you with a +0 club. Jessica barely misses you.
You closely miss Jessica.
Your tail-slap misses Jessica.
Jessica is moderately wounded.
Jessica says, "I'm really upset."
You block Jessica's attack. Jessica completely misses you.
You barely miss Jessica.
Jessica is moderately wounded.
Jessica hits you with a +0 club!
You closely miss Jessica.
Jessica is moderately wounded.
Jessica points at you and mumbles some strange words.
Pain shoots through your body!
* * * LOW HITPOINT WARNING * * *
Jessica closely misses you.
You hit Jessica but do no damage.
Jessica is moderately wounded.
Jessica hits you but does no damage.
Casting: Magic Dart (safe; 16% risk of failure)
Confirm with . or Enter, or press ? or * to list all spells.
Aiming: Magic Dart (safe; 16% risk of failure)
Press: ? - help, Shift-Dir - straight line, f - Jessica
Aim: Jessica, wielding a +0 club and wearing a +0 robe (moderately wounded, fast, 100% to hit)
The magic dart hits Jessica.
Jessica is heavily wounded.
Jessica barely misses you. Jessica casts a spell at you.
Pain shoots through your body!
You die...

..........## #.# ..
.....###...#####..
..# ....<#
##........##.. .....#
#..#..###....
...<####.###..##...
...##...)####.##..
####..##.......#.#
....##........#.# .
... #.........#@# ..
.. #.........#@# ...
. #...........# ....
.......)......##.....
.#...................
.
##.........#..#.....
#.........##.......
#.........# .......
#.......... .......


You could see Jessica (fast).

Vanquished Creatures
  3 ball pythons
  3 bats
  4 endoplasms
  3 goblins
  3 hobgoblins
  2 jackals (D:1)
  7 kobolds
  2 quokkas (D:1)
  A frilled lizard (D:1)
  5 rats
33 creatures vanquished.

Notes
Turn   | Place    | Note
-------+----------+-------------------------------------------
     0 | D:1      | tilp the Armataur Hedge Wizard began the quest for the Orb.
     0 | D:1      | Reached XP level 1. HP: 14/14 MP: 4/4
     2 | D:1      | Learned a level 1 spell: Slow
    82 | D:1      | Reached skill level 1 in Conjurations
   162 | D:1      | Reached XP level 2. HP: 23/23 MP: 5/5
   310 | D:1      | Reached skill level 1 in Summonings
   436 | D:1      | Reached skill level 1 in Fighting
  1283 | D:2      | Reached XP level 3. HP: 29/29 MP: 7/7
  1384 | D:2      | Noticed Jessica
  1413 | D:2      | Killed from afar by Jessica

Illustrated notes

Levels and vault maps discovered:
D:1:      wheals_arrival_shading, layout_basic
D:2:      layout_rooms, bh_walls_and_bars, uniq_jessica

Skill      XL: |  1  2 |
---------------+-------+-----
Conjurations   | 1 |  1.0
Summonings     | 1 |  1.0
Fighting       | 1 |  1.3
Dodging        | |  1.7
Stealth        | |  2.5
Shields        | |  0.9
Spellcasting   | |  2.8
Translocations | |  1.0

Action                   || total
-------------------------++-------
Melee: Dagger            ||   135
       Tailslap          ||    16
 Cast: Magic Dart        ||    12
  Use: Scroll            ||     2
 Stab: Sleeping          ||     7
Armor: Robe              ||    33
Dodge: Dodged            ||    81
Block: Buckler           ||    10

Table legend: (Time is in decaauts)
 A = Elapsed time spent in this place.
 B = Non-inter-level travel time spent in this place.
 C = Inter-level travel time spent in this place.
 D = Time resting spent in this place.
 E = Time spent auto-exploring this place.
 F = Levels seen in this place.
 G = Mean time per level.
                   A        B        C        D        E       F      G
               +--------+--------+--------+--------+--------+-----+--------+
         Total |   1417 |   1384 |     33 |     43 |   1066 |   2 |  708.5 |
       Dungeon |   1417 |   1384 |     33 |     43 |   1066 |   2 |  708.5 |
               +--------+--------+--------+--------+--------+-----+--------+

Top non-repeatable levels by time:
     D:1: 1251 daAuts
     D:2: 166 daAuts
